 Dungeon Crawl Stone Soup version 0.28.0-43-g3370ac3207 (webtiles) character file.

Game seed: 13950195108738757188

64920 sking99 the Grappler (level 14, -12/136 (137) HPs)
             Began as a Troll Hunter on Mar 23, 2022.
             Was a High Priest of Okawaru.
             Mangled by an orc warlord
             ... wielding a +4 glaive of flaming
              (22 damage)
             ... on level 2 of the Orcish Mines.
             The game lasted 00:40:58 (17080 turns).

sking99 the Grappler (Troll Hunter)                Turns: 17080, Time: 00:40:59

HP:   -12/136 (137) AC: 12    Str: 27    XL:     14   Next: 73%
MP:   21/21         EV: 15    Int: 10    God:    Okawaru [*****.]
Gold: 1427          SH:  0    Dex: 10    Spells: 13/13 levels left

rFire   . . .      SeeInvis .     - Unarmed
rCold   . . .      Faith    .   P - +0 tower shield
rNeg    . . .      Spirit   .   B - +0 steam dragon scales
rPois   .          Reflect  .   W - +0 hat {Int+3}
rElec   .          Harm     .   o - +2 cloak
rCorr   .          Rampage  .   (gloves unavailable)
Will    +....                   (boots unavailable)
Stlth   +.........              i - amulet of the acrobat
HPRegen 1.12/turn               A - +4 ring of slaying
MPRegen 0.17/turn               t - +4 ring of evasion

@: confused, about to teleport, heroic, ambrosia-drunk, lightly drained
A: large, unfitting armour, claws 3, regeneration 1, shaggy fur 1, tough skin 1
a: Renounce Religion, Heroism, Finesse, Duel


You were on level 2 of the Orcish Mines.
You worshipped Okawaru.
Okawaru was extremely pleased with you.
You visited 3 branches of the dungeon, and saw 19 of its levels.

You collected 1427 gold pieces.

Inventory:

Missiles
 a - 18 atropa-tipped darts
 c - 25 large rocks
 y - 12 javelins
 E - 3 silver javelins
 G - 9 boomerangs (quivered)
 J - 2 curare-tipped darts
 S - 6 silver boomerangs
 T - a throwing net
Armour
 o - a +2 cloak (worn)
 B - +0 steam dragon scales (worn)
 P - a +0 tower shield (worn)
 W - a +0 hat of intelligence (worn)
Jewellery
 d - a ring of fire
 h - a ring of positive energy
 i - an amulet of the acrobat (around neck)
 l - a ring of see invisible
 n - a +4 ring of protection
 t - a +4 ring of evasion (right claw)
 A - a +4 ring of slaying (left claw)
 N - a ring of protection from fire
 O - a ring of flight
Wands
 m - a wand of paralysis (15)
 r - a wand of acid (23)
 x - a wand of flame (47)
 F - a wand of iceblast (7)
Scrolls
 f - 3 scrolls of enchant weapon
 g - 3 scrolls of immolation
 j - 5 scrolls of fog
 q - 9 scrolls of teleportation
 u - 7 scrolls of magic mapping
 H - 3 scrolls of amnesia
 I - a scroll of torment
 K - 4 scrolls of enchant armour
 L - a scroll of silence
 Q - 2 scrolls of fear
Potions
 e - 2 potions of flight
 k - 4 potions of curing
 p - 2 potions of berserk rage
 s - a potion of heal wounds
 v - 10 potions of ambrosia
 w - a potion of mutation
 z - 5 potions of haste
 D - 4 potions of might
 M - a potion of brilliance
 R - 2 potions of resistance {unknown}
 U - 2 potions of cancellation {unknown}
 V - 2 potions of lignification


   Skills:
 + Level 8.7(13.7) Fighting
 - Level 8.9(13.9) Throwing
 - Level 3.6(8.6) Armour
 - Level 4.1(9.1) Dodging
 - Level 0.3(5.3) Stealth
 + Level 11.2(16.2) Shields
 + Level 13.5(18.5) Unarmed Combat
 * Level 10.8 Invocations


You had 13 spell levels left.
You didn't know any spells.
Your spell library contained the following spells:

 Spells                   Type           Power      Damage    Failure   Level
 Magic Dart               Conj           0%         1d3       67%         1
 Poisonous Vapours        Pois/Air       0%         N/A       80%         2
 Searing Ray              Conj           0%         2d4       80%         2
 Static Discharge         Conj/Air       0%         N/A       80%         2
 Confusing Touch          Hex            0%         N/A       95%         3
 Gell's Gravitas          Tloc           0%         N/A       95%         3
 Ignite Poison            Fire/Tmut/Pois 0%         N/A       95%         3
 Lesser Beckoning         Tloc           0%         N/A       95%         3
 Mephitic Cloud           Conj/Pois/Air  0%         N/A       95%         3
 Ozocubu's Armour         Ice            0%         N/A       95%         3
 Portal Projectile        Hex/Tloc       0%         N/A       95%         3
 Teleport Other           Tloc           0%         N/A       95%         3
 Anguish                  Hex/Necr       0%         N/A       100%        4
 Dispel Undead            Necr           0%         3d6       100%        4
 Fulminant Prism          Conj/Hex       0%         3d6       100%        4
 Passage of Golubria      Tloc           0%         N/A       100%        4
 Sticky Flame             Conj/Fire      0%         2d3       100%        4
 Alistair's Intoxication  Tmut/Pois      0%         N/A       100%        5
 Blade Hands              Tmut           0%         N/A       100%        5
 Borgnjor's Vile Clutch   Necr/Erth      0%         N/A       100%        5
 Excruciating Wounds      Necr           0%         N/A       100%        5
 Freezing Cloud           Conj/Ice/Air   0%         6-21      100%        5
 Iskenderun's Battlesphe  Conj           0%         2d6       100%        5
 Lightning Bolt           Conj/Air       0%         1d11      100%        5
 Metabolic Englaciation   Hex/Ice        0%         N/A       100%        5
 Yara's Violent Unravell  Hex/Tmut       0%         3d3       100%        5
 Eringya's Noxious Bog    Tmut/Pois      0%         N/A       100%        6
 Iron Shot                Conj/Erth      0%         9d1       100%        6
 Enfeeble                 Hex            0%         N/A       100%        7
 Tukima's Dance           Hex            Unusable   N/A       N/A         3
 Animate Dead             Necr           Unusable   N/A       N/A         4
 Summon Forest            Summ/Tloc      Unusable   N/A       N/A         5
 Death Channel            Necr           Unusable   N/A       N/A         6
 Simulacrum               Ice/Necr       Unusable   N/A       N/A         6
 Spellforged Servitor     Conj/Summ      Unusable   N/A       N/A         7

Dungeon Overview and Level Annotations

Branches:
Dungeon (11/15)            Temple (0/1) D:6            Lair (6/6) D:11
  Swamp (0/4) Lair:2        Snake (0/4) Lair:4        Slime (0/5) Lair:6
    Orc (2/2) D:10            Elf (0/3) Orc:2

Altars:
Ashenzari
Cheibriados
Dithmenos
Hepliaklqana
Nemelex Xobeh
Okawaru
Qazlal
Ru
Sif Muna
Yredelemnul
Zin
The Shining One

Shops:
D:7 [

Annotations:
D:3 2 transporters
Lair:6 3 runed translucent doors, Athor's ghost, journeyman VSFi


Innate Abilities, Weirdness & Mutations

You are too large for most types of armour.
You have claws for hands.
Your natural rate of healing is unusually fast.
You are covered in fur. (AC +1)
You have tough skin. (AC +1)


Message History

The orc warlord is lightly wounded.
The orc warlord hits you with a +4 glaive of flaming!
The orc warlord burns you.
You mangle the orc warlord!!
The orc warlord is moderately wounded.
The orc warlord hits you with a +4 glaive of flaming!!
The orc warlord burns you.
You mangle the orc warlord!!
The orc warlord is severely wounded.
The orc warlord roars a battlecry!
The orc warrior goes into a battle-frenzy!
You scratch the orc warlord but do no damage.
The orc warlord is severely wounded.
The orc warlord hits you with a +4 glaive of flaming!!
The orc warlord burns you.
You mangle the orc warlord!!
The orc warlord is severely wounded.
The orc wizard no longer looks unusually strong.
The orc warlord roars a battlecry!
The orc wizard goes into a battle-frenzy!
You scratch the orc warlord but do no damage.
The orc warlord is severely wounded.
The orc warlord hits you with a +4 glaive of flaming!!
The orc warlord burns you!
* * * LOW HITPOINT WARNING * * *
You gain the combat prowess of a mighty hero.
The orc warlord hits you with a +4 glaive of flaming!!
* * * LOW HITPOINT WARNING * * *
The orc warlord burns you!
* * * LOW HITPOINT WARNING * * *
As you read the scroll of teleportation, it crumbles to dust.
You feel strangely unstable.
The orc no longer looks unusually strong.
The orc warlord roars a battlecry!
The orc goes into a battle-frenzy!
You are confused.
You feel invigorated.
The orc warrior no longer looks unusually strong.
The orc warlord hits you with a +4 glaive of flaming!!
You die...

#................ .#
#.....8.8.....# ...#
#.).......# #
.....##.......##..
..........o)......
#....).o8h8o.....
#####...oTo.o.###
###########o#########
#....#...##@# #..
####'##.#...##.# #.#
###.#...#.##'###.###+##.#
#..##...#..........#....#
..#######....##)##.#....####
..# #..#...)#...#)#....#..#
#.# #(.'....#...#......'..#
..## #..####.#####.####.#..#
...# ####..........#.)#.####


You could see an orc warlord, a troll, a warg, 2 orc warriors and 3 orcs.

Vanquished Creatures
  An orc warlord (Arena)
  An ettin (Orc:2)
  2 boulder beetles
  7 hydras
  3 catoblepae
  6 two-headed ogres
  A deep troll shaman (Lair:6)
  10 death yaks
  Nergalle (Lair:2)
  Pikel (D:6)
  2 orc sorcerers (Orc:2)
  2 oklob plants (Lair:6)
  A manticore (D:11)
  An ugly thing (D:8)
  A cyclops (D:11)
  9 elephants
  Maurice (D:9)
  6 black mambas
  A gargoyle (D:10)
  15 cane toads
  A kobold demonologist (D:10)
  8 rime drakes
  An unseen horror (D:9)
  9 komodo dragons
  4 polar bears
  A troll (D:9)
  14 blink frogs
  A queen bee (Lair:1)
  Prince Ribbit (D:7)
  6 dream sheep (Lair:6)
  2 wyverns
  A shadow (D:10)
  65 yaks
  4 spriggans (Lair:5)
  2 basilisks
  2 steam dragons
  2 nagas (Lair:4)
  2 wargs (Orc:2)
  An acid dragon (Lair:6)
  15 water moccasins
  14 orc warriors
  4 black bears
  A sky beast (D:8)
  A swamp drake (Lair:6)
  18 wolves
  A necrophage (D:6)
  7 ogres
  8 centaurs
  A phantom (D:7)
  3 kobold brigands
  10 bullfrogs
  4 scorpions
  2 wyvern zombies
  A gnoll sergeant (D:10)
  2 water moccasin zombies
  2 water moccasin skeletons
  32 killer bees
  8 electric eels
  9 wights
  A centaur zombie (D:6)
  A bullfrog zombie (D:6)
  15 orc priests
  2 bullfrog skeletons
  6 hounds
  A gnoll shaman (D:8)
  2 iguanas
  12 orc wizards
  5 hell rats (Lair:5)
  3 howler monkey zombies
  5 adders
  12 gnolls
  3 worms
  61 orcs
  11 ball pythons
  4 bats
  10 endoplasms
  2 giant cockroaches (D:1)
  9 goblins
  4 hobgoblins
  2 quokkas (D:3)
  5 frilled lizards
  22 kobolds
  9 rats
549 creatures vanquished.

Vanquished Creatures (others)
  An orc wizard (Orc:2)
  42 fungi
  133 plants
176 creatures vanquished.

Grand Total: 725 creatures vanquished

Notes
Turn   | Place    | Note
-------+----------+-------------------------------------------
     0 | D:1      | sking99 the Troll Hunter began the quest for the Orb.
     0 | D:1      | Reached XP level 1. HP: 19/19 MP: 0/0
   233 | D:1      | Reached skill level 1 in Unarmed Combat
   236 | D:1      | Reached XP level 2. HP: 28/28 MP: 1/1
   386 | D:1      | Found a faded altar of an unknown god.
   685 | D:2      | Reached skill level 2 in Unarmed Combat
   685 | D:2      | Reached XP level 3. HP: 31/35 MP: 2/2
  1110 | D:2      | Noticed a scorpion
  1120 | D:2      | Killed a scorpion
  1121 | D:2      | Reached skill level 3 in Unarmed Combat
  1121 | D:2      | Reached XP level 4. HP: 42/42 MP: 3/3
  1158 | D:2      | Reached skill level 4 in Unarmed Combat
  1317 | D:2      | Reached XP level 5. HP: 49/49 MP: 4/4
  1833 | D:3      | Found a transporter.
  1840 | D:3      | Found a transporter.
  1875 | D:3      | Found a basalt altar of Yredelemnul.
  1886 | D:3      | Found a glowing silver altar of Zin.
  1887 | D:3      | Found a shimmering blue altar of Sif Muna.
  1888 | D:3      | Found a hazy altar of Hepliaklqana.
  1893 | D:3      | Found a shadowy altar of Dithmenos.
  1894 | D:3      | Found a snail-covered altar of Cheibriados.
  1895 | D:3      | Found an iron altar of Okawaru.
  1902 | D:3      | Became a worshipper of Warmaster Okawaru
  2233 | D:4      | Noticed a black bear
  2245 | D:4      | Noticed an ogre
  2345 | D:4      | Reached skill level 1 in Invocations
  2461 | D:4      | Reached XP level 6. HP: 45/57 MP: 7/7
  2563 | D:3      | Reached * piety under Okawaru
  2564 | D:3      | Reached skill level 5 in Unarmed Combat
  2581 | D:4      | Reached XP level 7. HP: 56/65 MP: 8/8
  2677 | D:4      | Reached skill level 6 in Unarmed Combat
  3032 | D:5      | Entered Level 5 of the Dungeon
  3045 | D:5      | Noticed a yak
  3045 | D:5      | Noticed a yak
  3045 | D:5      | Noticed a yak
  3060 | D:5      | Killed a yak
  3061 | D:5      | Reached skill level 7 in Unarmed Combat
  3067 | D:4      | Killed a yak
  3067 | D:4      | Reached ** piety under Okawaru
  3068 | D:4      | Reached skill level 8 in Unarmed Combat
  3102 | D:5      | Killed a yak
  3103 | D:5      | Reached XP level 8. HP: 59/72 MP: 9/9
  3229 | D:5      | Reached skill level 9 in Unarmed Combat
  3230 | D:5      | Identified the +0 robe of Perpetual Drought {rF+ Slay+2}
  3327 | D:5      | Reached *** piety under Okawaru
  3503 | D:6      | Noticed Pikel
  3519 | D:6      | Killed Pikel
  3520 | D:6      | Reached skill level 10 in Unarmed Combat
  3526 | D:6      | Reached skill level 11 in Unarmed Combat
  3526 | D:6      | Reached XP level 9. HP: 33/79 MP: 8/10
  3579 | D:6      | Got the Compendium of Spatial Evil Arts
  3699 | D:6      | Reached **** piety under Okawaru
  4306 | D:6      | Found a sparkling altar of Nemelex Xobeh.
  4482 | D:6      | Found a staircase to the Ecumenical Temple.
  4556 | D:7      | Found a broken altar of Ashenzari.
  4556 | D:7      | Noticed Prince Ribbit
  4563 | D:7      | Killed Prince Ribbit
  4564 | D:7      | Reached skill level 5 in Throwing
  4933 | D:7      | Found Isuxunt's Armour Emporium.
  4974 | D:7      | Received a gift from Okawaru
  5220 | D:7      | Reached skill level 5 in Fighting
  5496 | D:8      | Noticed a brown ugly thing
  5502 | D:8      | Killed a brown ugly thing
  5503 | D:8      | Reached XP level 10. HP: 63/96 MP: 8/11
  5572 | D:8      | Found a stormy altar of Qazlal.
  6142 | D:9      | Received a gift from Okawaru
  6203 | D:9      | Found a sacrificial altar of Ru.
  6297 | D:9      | Reached ***** piety under Okawaru
  6408 | D:9      | Received a gift from Okawaru
  6426 | D:9      | Found a glowing golden altar of the Shining One.
  6464 | D:9      | Noticed Maurice
  6474 | D:9      | Killed Maurice
  6485 | D:9      | Reached skill level 1 in Armour
  6550 | D:9      | Received a gift from Okawaru
  6563 | D:9      | Reached XP level 11. HP: 58/107 MP: 12/12
  6704 | D:9      | Received a gift from Okawaru
  6852 | D:9      | Identified the +2 trident "Omegoen" {venom, rPois rN+
                  | Int+4}
  7230 | D:10     | Entered Level 10 of the Dungeon
  7266 | D:10     | Noticed a two-headed ogre
  7270 | D:10     | Killed a two-headed ogre
  7316 | D:10     | Received a gift from Okawaru
  7322 | D:10     | Reached skill level 12 in Unarmed Combat
  7714 | D:10     | Found a staircase to the Orcish Mines.
  7956 | D:11     | Found a staircase to the Lair.
  8104 | D:11     | Noticed a two-headed ogre
  8111 | D:11     | Killed a two-headed ogre
  8315 | D:11     | Received a gift from Okawaru
  8579 | Lair:1   | Entered Level 1 of the Lair of Beasts
  8657 | Lair:1   | Received a gift from Okawaru
  8850 | Lair:1   | Received a gift from Okawaru
  8861 | Lair:1   | Reached XP level 12. HP: 87/118 MP: 14/14
  8991 | Lair:1   | Reached skill level 5 in Invocations
  8997 | Lair:1   | Identified the +1 robe "Gedaet" {Int+7} (Okawaru gifted it
                  | to you on level 1 of the Lair of Beasts)
  8997 | Lair:1   | Received a gift from Okawaru
  9356 | Lair:1   | Noticed an eight-headed hydra
  9366 | Lair:1   | Killed a 12-headed hydra
  9739 | Lair:2   | Found a staircase to the Swamp.
  9834 | Lair:2   | Noticed Nergalle
  9849 | Lair:2   | Killed Nergalle
 10038 | Lair:2   | Reached skill level 1 in Shields
 10525 | Lair:3   | Noticed a four-headed hydra
 10533 | Lair:3   | Killed a six-headed hydra
 10806 | Lair:3   | Received a gift from Okawaru
 11062 | Lair:3   | Noticed a seven-headed hydra
 11071 | Lair:3   | Killed a nine-headed hydra
 11071 | Lair:3   | Received a gift from Okawaru
 11072 | Lair:3   | Reached skill level 5 in Shields
 11436 | Lair:4   | Reached XP level 13. HP: 127/127 MP: 18/18
 11679 | Lair:4   | Received a gift from Okawaru
 11830 | Lair:4   | Found a staircase to the Snake Pit.
 11845 | Lair:4   | Received a gift from Okawaru
 13218 | Lair:5   | Reached skill level 10 in Shields
 13488 | Lair:6   | Entered Level 6 of the Lair of Beasts
 13537 | Lair:6   | Reached ****** piety under Okawaru
 13620 | Lair:6   | Found a staircase to the Slime Pits.
 13657 | Lair:6   | Identified the +2 robe of Alimnimm {*Corrode rN++ Int+2
                  | Dex+5} (Okawaru gifted it to you on level 6 of the Lair of
                  | Beasts)
 13657 | Lair:6   | Received a gift from Okawaru
 13743 | Lair:6   | Reached XP level 14. HP: 124/135 MP: 19/19
 14008 | Lair:6   | Reached skill level 13 in Unarmed Combat
 14101 | Lair:6   | Found a runed translucent gate.
 14101 | Lair:6   | Found a runed translucent gate.
 14102 | Lair:6   | Found a runed translucent gate.
 14106 | Lair:6   | Noticed Athor's ghost (journeyman VSFi)
 14688 | Lair:6   | Reached skill level 10 in Invocations
 14859 | Lair:6   | Got the Volume of the Birds and the Snowflakes
 16215 | Orc:1    | Entered Level 1 of the Orcish Mines
 16303 | Orc:2    | Entered Level 2 of the Orcish Mines
 16388 | Orc:2    | Received a gift from Okawaru
 16533 | Orc:2    | Noticed an orc warlord
 16534 | Arena    | Entered the Arena
 16540 | Arena    | Killed an orc warlord
 16572 | Orc:2    | Received a gift from Okawaru
 16851 | Orc:2    | Found a staircase to the Elven Halls.
 17050 | Orc:2    | Noticed an orc warlord
 17078 | Orc:2    | HP: 5/136 [orc warlord/+4 glaive of flaming (7)]
 17080 | Orc:2    | Mangled by an orc warlord

Illustrated notes

Levels and vault maps discovered:
D:1:      dpeg_arrival_rhombi, layout_rooms,
          shapermc_ecumenical_altar_acropolis, serial_forest,
          infiniplex_forest_clump_medium, infiniplex_forest_lined_room_2,
          infiniplex_forest_side_room, infiniplex_forest_lined_room_2,
          infiniplex_forest_straight_2, minmay_close_crescents
D:2:      minmay_chambers_of_ones, layout_basic
D:3:      gammafunk_wand_slinger, layout_rooms, minitemple
D:4:      layout_cave_pools
D:5:      layout_rooms
D:6:      cheibrodos_two_vegetables, layout_loops_cross,
          nemelex_spade_bored_becter, minmay_temple_entry_poolview,
          kennysheep_generic_room_4, uniq_pikel
D:7:      layout_loops_ring, evilmike_ruin_ashenzari, serial_shops,
          kennysheep_little_box, uniq_prince_ribbit1
D:8:      layout_loops_ring, grunt_qazlal_clouds
D:9:      kennysheep_spiral_hall, layout_cave_pools,
          nicolae_overflow_hidden_temple, tso_metal_star,
          grunt_decor_one_mirror, hangedman_abyss_or_decor_clamps,
          evilmike_butchery, uniq_maurice
D:10:     cheibrodos_helix_gallery, layout_loops_ring, kennysheep_doodads
D:11:     layout_loops_ring, lair_entry_dummy
Lair:1:   layout_cave_pods, special_room [special_room_bee], minmay_holes,
          grunt_forest_small_clearings, grunt_megastairs_5, lemuel_fruit_fields
Lair:2:   layout_roguey, swamp_mist, uniq_nergalle
Lair:3:   layout_cave_pods
Lair:4:   layout_loops_ring, guppyfry_snake_entry_island, beast_lair_carwin_5
Lair:5:   wad_woods_settlement, layout_misc_corridors, lemuel_fruit_fields
Lair:6:   grunt_lair_end_beastmaster, layout_long_grid,
          minmay_slime_entry_oklob_enclosed, gammafunk_ghost_necromancy,
          st_stairs_11, guppyfry_lair_drakes
Orc:1:    layout_caves, statue_in_the_mist_lemuel
Orc:2:    pubby_orc_utopia, serial_shops

Skill      XL: |  1  2  3  4  5  6  7  8  9 10 11 12 13 14 |
---------------+-------------------------------------------+-----
Unarmed Combat | 1 2 3 4 5 8 11 12 13 | 13.5
Fighting       | 2 5 6 7 8 |  8.7
Invocations    | 3 4 9 10 | 10.8
Throwing       | 6 8 |  8.9
Dodging        | 2 4 |  4.1
Armour         | 1 3 |  3.6
Shields        | 5 10 11 | 11.2
Stealth        | |  0.3

Action                   |  1- 3 |  4- 6 |  7- 9 | 10-12 | 13-15 || total
-------------------------+-------+-------+-------+-------+-------++-------
Melee: Unarmed           |    96 |   127 |   231 |   524 |   712 ||  1690
       Punch             |     1 |     8 |    15 |    43 |     3 ||    70
Throw: Stone             |     2 |       |       |       |       ||     2
       Throwing net      |     2 |       |       |       |       ||     2
       Large rock        |       |       |     3 |     4 |    10 ||    17
       Boomerang         |       |       |       |     9 |    22 ||    31
       Javelin           |       |       |       |     1 |       ||     1
       Dart              |       |       |       |     2 |     2 ||     4
Invok: Heroism           |       |       |     3 |    12 |    15 ||    30
       Finesse           |       |       |       |     1 |     1 ||     2
       Duel              |       |       |       |       |     1 ||     1
Evoke: Wand              |       |       |       |     1 |       ||     1
  Use: Scroll            |       |       |    10 |     5 |     7 ||    22
       Potion            |       |       |       |       |     2 ||     2
 Stab: Sleeping          |     1 |     2 |     3 |     2 |     1 ||     9
       Petrified         |       |       |       |       |     2 ||     2
Armor: Robe              |    36 |    53 |    57 |    34 |       ||   180
       Steam dragon scal |       |       |       |   100 |   133 ||   233
Dodge: Dodged            |    44 |    73 |   114 |   421 |   297 ||   949
Block: Tower shield      |       |       |       |       |   450 ||   450
